 Dungeon Crawl Stone Soup version 0.22.1-1-ga44c0e5 (webtiles) character file.

2 topirishpotato the Changer (level 1, -1/13 HPs)
             Began as a Gnoll Wanderer on Sept 20, 2018.
             Slain by a hobgoblin
             ... wielding a +0 club
              (4 damage)
             ... on level 1 of the Dungeon.
             The game lasted 00:00:48 (100 turns).

topirishpotato the Changer (Gnoll Wanderer)          Turns: 100, Time: 00:00:49

Health: -1/13      AC:  2    Str: 14    XL:     1   Next: 40%
Magic:  6/6        EV: 11    Int: 14    God:
Gold:   0          SH:  0    Dex: 14    Spells: 8/9 levels left

rFire    . . .     SeeInvis .   e - +0 club
rCold    . . .     Gourm    .   (no shield)
rNeg     . . .     Faith    .   d - +0 robe
rPois    .         Spirit   .   (no helmet)
rElec    .         Reflect  .   (no cloak)
rCorr    .         Harm     .   (no gloves)
MR       .....                  (boots currently unavailable)
Stlth    +.........             (no amulet)
HPRegen  0.04/turn              (no ring)
MPRegen  0.10/turn              (no ring)

@: appendage
A: distributed training, fangs 1, talons 3, strong nose
a: End Transformation


You were on level 1 of the Dungeon.
You were not hungry.
You had grown temporary talons.
You visited 1 branch of the dungeon, and saw 1 of its levels.

Inventory:

Hand Weapons
 e - a +0 club (weapon)
Armour
 d - a +0 robe (worn)
Potions
 a - a potion of lignification {unknown}
Comestibles
 f - a ration


   Skills:
 + Level 0.0 Fighting
 + Level 0.0 Short Blades
 + Level 0.0 Long Blades
 + Level 0.0 Axes
 + Level 0.0 Maces & Flails
 + Level 0.0 Polearms
 + Level 0.0 Staves
 + Level 0.0 Slings
 + Level 0.0 Bows
 + Level 0.0 Crossbows
 + Level 0.0 Throwing
 + Level 0.0 Armour
 + Level 0.0 Dodging
 + Level 0.0 Stealth
 + Level 0.0 Shields
 + Level 0.0 Unarmed Combat
 + Level 4.8 Spellcasting
 + Level 0.0 Conjurations
 + Level 0.0 Hexes
 + Level 0.0 Charms
 + Level 0.0 Summonings
 + Level 0.0 Necromancy
 + Level 0.0 Translocations
 + Level 5.3 Transmutations
 + Level 0.0 Fire Magic
 + Level 3.6 Ice Magic
 + Level 0.0 Air Magic
 + Level 0.0 Earth Magic
 + Level 1.9 Poison Magic
 + Level 0.1 Invocations
 + Level 4.4 Evocations


You had 8 spell levels left.
You knew the following spells:

 Your Spells              Type           Power        Failure   Level  Hunger
a - Beastly Appendage     Tmut           ###...       1%          1    None

Your spell library contained the following spells:

 Spells                   Type           Power        Failure   Level  Hunger
 Sticks to Snakes         Tmut           ###.....     3%          2    ##.....
 Spider Form              Tmut/Pois      ##........   12%         3    ###....
 Ensorcelled Hibernation  Hex/Ice        #.....       13%         2    ##.....
 Throw Frost              Conj/Ice       #.....       13%         2    ##.....
 Summon Small Mammal      Summ           #...         17%         1    None
 Ice Form                 Ice/Tmut       ###.....     28%         4    ####...
 Summon Guardian Golem    Hex/Summ       #.......     45%         3    ###....
 Blade Hands              Tmut           ###.......   50%         5    ######.


Dungeon Overview and Level Annotations

Branches:
Dungeon (1/15)

Altars:


Innate Abilities, Weirdness & Mutations

Your experience applies equally to all skills.
You have very sharp teeth.
Your uncanny sense of smell can sniff out nearby items.
You have claws for feet.


Message History

You hit the hobgoblin but do no damage. Your bite misses the hobgoblin.
The hobgoblin is heavily wounded.
The hobgoblin barely misses you. The goblin hits you with a dagger.
* * * LOW HITPOINT WARNING * * *
The hobgoblin hits you with a club.
* * * LOW HITPOINT WARNING * * *
You hit the goblin but do no damage. The goblin closely misses you.
You hit the goblin.
The goblin is moderately wounded.
The goblin barely misses you. The goblin hits you but does no damage.
You hit the goblin. You claw the goblin.
You kill the goblin!
The hobgoblin closely misses you.
You hit the hobgoblin but do no damage. Your kick misses the hobgoblin.
The hobgoblin is heavily wounded.
The hobgoblin hits you but does no damage.
You hit the hobgoblin.
The hobgoblin is heavily wounded.
The hobgoblin hits you with a club.
You die...

##### #...# #...######
#........#### #######
#...........#####.......
##.....###......@g.......
...###.# ####.####.......
...###.### #'# .......
....####.####.## ...>...
....###'#.##...## .......
##...##.##'..<..# .##...#
##.##...###..(## .. .###
###.....###.## ## .
#.....(.####


You could see a hobgoblin.

Vanquished Creatures
  A goblin (D:1)
  A hobgoblin (D:1)
2 creatures vanquished.

Notes
Turn   | Place    | Note
-------+----------+-------------------------------------------
     0 | D:1      | topirishpotato the Gnoll Wanderer began the quest for the
                  | Orb.
     0 | D:1      | topirishpotato set off with: a +0 robe, a +0 club, a ration
     0 | D:1      | Reached XP level 1. HP: 13/13 MP: 6/6
     2 | D:1      | Learned a level 1 spell: Beastly Appendage
   100 | D:1      | Slain by a hobgoblin

Action                   || total
-------------------------++-------
Melee: Club              ||    10
       Kick              ||     1
       Headbutt          ||     1
 Cast: Beastly Appendage ||     3
Armor: Robe              ||     2
Dodge: Dodged            ||     6
